 Dungeon Sprint DCSS version 0.16-a0-3946-g4f19e5c (webtiles) character file.

2296 BluebellGnoll the Thaumaturge (level 9, -16/45 HPs)
             Began as a Deep Elf Fire Elementalist on Feb 9, 2015.
             Was a High Priest of Vehumet.
             Rolled over by a boulder beetle (42 damage)
             ... in the Dungeon (Sprint IX: "|||||||||||||||||||||||||||||").
             The game lasted 00:08:36 (812 turns).

BluebellGnoll the Thaumaturge (DEFE)                 Turns: 812, Time: 00:08:37

Health: -16/45     AC:  3    Str:  5    XL:     9   Next: 17%
Magic:  26/33      EV: 26    Int: 24    God:    Vehumet [*****.]
Gold:   0          SH:  0    Dex: 18    Spells: 8 memorised, 15 levels left

rFire  . . .     SeeInvis .     x - +0 Staff of Olgreb {rPois+}
rCold  . . .     Clarity  .     a - +0 robe
rNeg   . . .     SustAb   .     (no shield)
rPois  ∞         Gourm    .     (no helmet)
rElec  .         Spirit   .     f - +0 cloak
rCorr  .         Warding  .     (no gloves)
rMut   .         NoTele   +     (no boots)
MR     .....                    (no amulet)
Stlth  ++++......               s - +3 ring of dexterity
                                r - +2 ring of evasion

@: very slightly contaminated, not resistant to hostile enchantments, stealthy
A: no striking features
a: Renounce Religion


You were in the Dungeon.
You worshipped Vehumet.
Vehumet was extremely pleased with you.
You were not hungry.

You visited 1 branch

Inventory:

Hand weapons
 l - a +0 shortbow
 q - a +2 rapier of venom
 x - the +0 Staff of Olgreb (weapon) {rPois+}
   (You found it in the Dungeon)

   It protects you from poison.
Missiles
 m - 23 arrows
Armour
 a - a +0 robe (worn)
 f - a +0 cloak (worn)
Magical staves
 p - an uncursed staff of energy
Jewellery
 r - a +2 ring of evasion (left hand)
 s - a +3 ring of dexterity (right hand)
Magical devices
 o - a wand of draining (7)
Scrolls
 i - 2 scrolls of blinking
 k - 5 scrolls of remove curse
 n - 2 scrolls of amnesia
 y - a scroll of fog
 z - 2 scrolls of enchant weapon
Potions
 d - 5 potions of curing
 e - 5 potions of heal wounds
 g - 3 potions of magic
 h - a potion of invisibility
 t - a potion of restore abilities
 u - a potion of cure mutation
 v - 2 potions of berserk rage
 w - a potion of brilliance
Books
 b - a book of Flames

   Spells                             Type                      Level
   a - Flame Tongue                   Conjuration/Fire             1
   b - Throw Flame                    Conjuration/Fire             2
   c - Conjure Flame                  Conjuration/Fire             3
   d - Inner Flame                    Hexes/Fire                   3
   e - Sticky Flame                   Conjuration/Fire             4
   f - Fireball                       Conjuration/Fire             5
Comestibles
 c - a bread ration
 j - 13 chunks of flesh
 A - 4 poisonous chunks of flesh


   Skills:
 + Level 14.7 Dodging
 - Level 9.6 Stealth
 - Level 14.8 Spellcasting
 - Level 6.3 Conjurations
 - Level 9.0 Fire Magic


You had 15 spell levels left.
You knew the following spells:

 Your Spells              Type           Power        Failure   Level  Hunger
a - Flame Tongue          Conj/Fire      #####        1%          1    None
b - Throw Flame           Conj/Fire      ######       1%          2    None
c - Conjure Flame         Conj/Fire      ######..     1%          3    None
d - Inner Flame           Hex/Fire       #####...     1%          3    None
e - Sticky Flame          Conj/Fire      ######..     1%          4    None
f - Fireball              Conj/Fire      ######....   1%          5    ##.....
g - Shock                 Conj/Air       ####         1%          1    None
h - Stone Arrow           Conj/Erth      ####..       1%          3    None


Dungeon Overview and Level Annotations

Branches:
Dungeon (1/1)

Altars:
Cheibriados
Dithmenos
Elyvilon
Fedhas
Gozag
Kikubaaqudgha
Makhleb
Nemelex Xobeh
Okawaru
Qazlal
Ru
Sif Muna
Trog
Vehumet
Xom
Yredelemnul
Zin
The Shining One
Beogh
Jiyva
Lugonu


Message History

The boulder beetle is severely wounded.
The boulder beetle is covered in liquid flames!
The giant frog gives a loud, deep croak!
The boulder beetle burns!
The boulder beetle burns!
The boulder beetle burns!
The blink frog blinks!
The boulder beetle curls into a ball and starts rolling!
The boulder beetle burns!
The boulder beetle stops burning.
Casting: Sticky Flame
Confirm with . or Enter, or press ? or * to list all spells.
Aiming: Sticky Flame
Press: ? - help, Shift-Dir - straight line, f/p - boulder beetle
Aim: a boulder beetle (almost dead, rolling)
The sticky flame hits the boulder beetle.
The boulder beetle appears unharmed.
The boulder beetle is almost dead.
The boulder beetle is covered in liquid flames!
The boulder beetle burns!
The boulder beetle smashes into you!
Ouch! That really hurt!
You die...

▓▓▓▓▓▓▓▓▓▓▓▓▓▓▓▓▓▓▓▓▓▓▓▓▓▓▓▓▓▓▓▓▓
________________'....)'.....÷....
▓▓▓▓▓▓▓▓▓▓▓▓▓▓▓▓▓▓▓▓▓▓▓▓▓▓▓▓▓▓▓▓▓
.................................
▓▓▓▓▓▓▓▓▓▓▓▓▓▓▓▓▓▓▓▓▓▓▓▓▓▓▓▓▓▓▓▓▓
hF§.......÷F'hFB@.[.(.....'......
▓▓▓▓▓▓▓▓▓▓▓▓▓▓▓▓▓▓▓▓▓▓▓▓▓▓▓▓▓▓▓▓▓


You could see a boulder beetle (burning), a blink frog, a giant frog and a
hound.

Vanquished Creatures
  A hydra (D)
  A gargoyle (D)
  A blink frog (D)
  A wraith (D)
  A shadow (D)
  A hippogriff (D)
  A centaur (D)
  An ogre (D)
  An ice beast (D)
  3 crocodiles (D)
  A wight (D)
  An iguana (D)
  An orc wizard (D)
  A river rat (D)
  2 adder skeletons (D)
  A giant gecko (D)
  3 orcs (D)
  3 hobgoblins (D)
  2 quokkas (D)
  2 bats (D)
  2 goblins (D)
  A rat (D)
32 creatures vanquished.

Vanquished Creatures (others)
  An elephant (D)
1 creature vanquished.

Grand Total: 33 creatures vanquished

Notes
Turn   | Place    | Note
--------------------------------------------------------------
     0 | D        | BluebellGnoll, the Deep Elf Fire Elementalist, began the quest for the Orb.
     0 | D        | Reached XP level 1. HP: 10/10 MP: 5/5
     8 | D        | Reached skill level 4 in Spellcasting
    11 | D        | Reached skill level 5 in Spellcasting
    35 | D        | Noticed a centaur
    40 | D        | Reached skill level 6 in Spellcasting
    40 | D        | Reached XP level 2. HP: 15/15 MP: 4/12
    52 | D        | Killed a centaur
    52 | D        | Reached skill level 11 in Spellcasting
    52 | D        | Reached XP level 3. HP: 12/19 MP: 5/21
    52 | D        | Reached XP level 4. HP: 15/24 MP: 5/24
    69 | D        | Found a glowing silver altar of Zin.
    69 | D        | Found a glowing golden altar of the Shining One.
    69 | D        | Found an ancient bone altar of Kikubaaqudgha.
    69 | D        | Found a basalt altar of Yredelemnul.
    69 | D        | Found a shimmering altar of Xom.
    69 | D        | Found a radiant altar of Vehumet.
    69 | D        | Found an iron altar of Okawaru.
    70 | D        | Found a burning altar of Makhleb.
    71 | D        | Found a deep blue altar of Sif Muna.
    72 | D        | Found a bloodstained altar of Trog.
    73 | D        | Found a sparkling altar of Nemelex Xobeh.
    74 | D        | Found a white marble altar of Elyvilon.
    75 | D        | Found a roughly hewn altar of Beogh.
    76 | D        | Found a viscous altar of Jiyva.
    77 | D        | Became a worshipper of Vehumet
    78 | D        | Found a corrupted altar of Lugonu.
    79 | D        | Found a blossoming altar of Fedhas.
    80 | D        | Found a snail-covered altar of Cheibriados.
    81 | D        | Found a shadowy altar of Dithmenos.
    82 | D        | Found a stormy altar of Qazlal.
    83 | D        | Found an opulent altar of Gozag.
    84 | D        | Found a sacrificial altar of Ru.
   125 | D        | Learned a level 2 spell: Throw Flame
   129 | D        | Learned a level 3 spell: Conjure Flame
   133 | D        | Learned a level 3 spell: Inner Flame
   138 | D        | Learned a level 4 spell: Sticky Flame
   223 | D        | Noticed an ogre
   223 | D        | Noticed a wight
   223 | D        | Noticed an ice beast
   231 | D        | Killed an ice beast
   231 | D        | Acquired Vehumet's first power
   231 | D        | Offered knowledge of Shock by Vehumet.
   231 | D        | Reached XP level 5. HP: 28/28 MP: 15/25
   234 | D        | Killed a wight
   234 | D        | Reached skill level 5 in Conjurations
   236 | D        | Killed an ogre
   236 | D        | Reached XP level 6. HP: 32/32 MP: 10/27
   245 | D        | Learned a level 5 spell: Fireball
   247 | D        | Learned a level 1 spell: Shock
   319 | D        | Noticed a shadow
   319 | D        | Noticed a wraith
   319 | D        | Noticed an orc wizard
   319 | D        | Noticed a gargoyle
   321 | D        | Offered knowledge of Throw Frost by Vehumet.
   323 | D        | Killed an orc wizard
   323 | D        | Reached skill level 12 in Spellcasting
   324 | D        | Killed a gargoyle
   324 | D        | Reached skill level 14 in Spellcasting
   324 | D        | Reached XP level 7. HP: 36/36 MP: 9/31
   329 | D        | Killed a wraith
   329 | D        | Acquired Vehumet's second power
   345 | D        | Killed a shadow
   345 | D        | Reached skill level 5 in Dodging
   579 | D        | Noticed an iguana
   579 | D        | Noticed a crocodile
   579 | D        | Noticed a blink frog
   579 | D        | Noticed a crocodile
   582 | D        | Offered knowledge of Stone Arrow by Vehumet.
   586 | D        | Noticed a hippogriff
   587 | D        | Noticed a four-headed hydra
   593 | D        | Killed a blink frog
   593 | D        | Reached XP level 8. HP: 21/41 MP: 13/32
   595 | D        | Killed a crocodile
   595 | D        | Killed a crocodile
   595 | D        | Acquired Vehumet's third power
   633 | D        | Killed a hippogriff
   633 | D        | Reached skill level 10 in Dodging
   638 | D        | Killed an iguana
   638 | D        | Killed a four-headed hydra
   638 | D        | Reached XP level 9. HP: 26/45 MP: 7/33
   768 | D        | Learned a level 3 spell: Stone Arrow
   768 | D        | Noticed a blink frog
   768 | D        | Noticed a blink frog
   768 | D        | Noticed a hound
   768 | D        | Noticed a giant frog
   768 | D        | Noticed a boulder beetle
   768 | D        | Noticed an elephant
   768 | D        | Noticed a crocodile
   775 | D        | Killed a crocodile
   775 | D        | Offered knowledge of Olgreb's Toxic Radiance by Vehumet.
   780 | D        | Killed an elephant
   812 | D        | Rolled over by a boulder beetle

Action                   |  1- 3 |  4- 6 |  7- 9 || total
-------------------------+-------+-------+-------++-------
Melee: Club              |     7 |     1 |       ||     8
 Cast: Flame Tongue      |    11 |    11 |    27 ||    49
       Conjure Flame     |       |     2 |     4 ||     6
       Inner Flame       |       |     1 |     3 ||     4
       Fireball          |       |     1 |     5 ||     6
       Shock             |       |     1 |    12 ||    13
       Sticky Flame      |       |       |     4 ||     4
Evoke: Staff of energy   |       |       |    20 ||    20
  Use: Potion            |     3 |       |       ||     3
       Scroll            |       |     1 |     1 ||     2
  Eat: Chunk             |       |       |     2 ||     2
